 Dungeon Crawl Stone Soup version 0.28-a0-1080-g05a166d0ed (webtiles) character file.

Game seed: 1000989171991208702

282 enile the Ducker (level 6, 0/47 HPs)
             Began as a Demonspawn Gladiator on Dec 9, 2021.
             Was a Priest of Lugonu.
             Succumbed to a gnoll sergeant zombie's poison
             ... on level 4 of the Dungeon.
             The game lasted 00:14:55 (5145 turns).

enile the Ducker (Demonspawn Gladiator)             Turns: 5145, Time: 00:14:55

Health: 0/47       AC:  8    Str: 14 (16) XL:     6   Next: 6%
Magic:  7/7        EV: 12    Int:  7 (9)  God:    Lugonu [***...]
Gold:   158        SH:  5    Dex: 13 (15) Spells: 4/5 levels left

rFire   . . .      SeeInvis .   v - +0 dagger (elec)
rCold   . . .      Faith    .   (no shield)
rNeg    . . .      Spirit   .   a - +0 leather armour
rPois   .          Reflect  +   b - +1 helmet
rElec   .          Harm     .   (no cloak)
rCorr   .          Rampage  .   (no gloves)
Will    .....                   p - +2 pair of boots
Stlth   ++........              l - amulet of reflection
HPRegen 0.15/turn               (no ring)
MPRegen 0.10/turn               (no ring)

@: lethally poisoned (0 -> -14), studying Axes
A: claws 1, demonic guardian 1, foul stench 2
a: Renounce Religion, Depart the Abyss, Bend Space, Banish


You were on level 4 of the Dungeon.
You worshipped Lugonu.
Lugonu was most pleased with you.
You visited 1 branch of the dungeon, and saw 4 of its levels.

You collected 158 gold pieces.

Inventory:

Hand Weapons
 d - a +0 short sword
 r - a +2 mace of holy wrath
 v - a +0 dagger of electrocution (weapon)
 w - a +5 vampiric hand axe
Armour
 a - a +0 leather armour (worn)
 b - a +1 helmet (worn)
 p - a +2 pair of boots (worn)
 s - a +0 cloak
 u - a +0 scale mail
 z - a +0 ring mail
Jewellery
 l - an amulet of reflection (around neck)
 m - an amulet of guardian spirit
Wands
 o - a wand of flame (18)
Scrolls
 f - a scroll of vulnerability
 h - a scroll of noise
 k - a scroll of fear
 x - a scroll of torment
 y - a scroll of blinking {unknown}


   Skills:
 - Level 3.0 Fighting
 - Level 2.0 Short Blades
 - Level 3.0 Throwing
 - Level 1.0 Armour
 - Level 3.3 Dodging
 + Level 1.8 Stealth
 - Level 3.2 Unarmed Combat
 - Level 2.0 Invocations


You had 4 spell levels left.
You knew the following spells:

 Your Spells              Type           Power      Damage    Failure   Level
a - Sting                 Tmut/Pois      0%         1d3       50%         1

Your spell library contained the following spells:

 Spells                   Type           Power      Damage    Failure   Level
 Pain                     Necr           0%         1d4       50%         1
 Poisonous Vapours        Pois/Air       0%         N/A       65%         2
 Olgreb's Toxic Radiance  Pois           0%         N/A       99%         4
 Agony                    Necr           0%         N/A       100%        5
 Excruciating Wounds      Necr           0%         N/A       100%        5


Dungeon Overview and Level Annotations

Branches:
Dungeon (4/15)
 Temple: D:4-7

Altars:
Dithmenos
Sif Muna
Wu Jian
Lugonu

Annotations:
D:4 1 transporter


Innate Abilities, Weirdness & Mutations

You have sharp fingernails.
A weak demonic guardian rushes to your aid.
You sometimes emit foul miasma when damaged in melee.


Message History

Okay, then.
You bump into the translucent stone wall.
* * * LOW HITPOINT WARNING * * *
You feel very sick.
Your white imp hits the orc warrior zombie.
Your white imp freezes the orc warrior zombie.
The orc warrior zombie resists.
The orc warrior zombie barely misses your white imp.
Okay, then.
You barely miss your white imp.
* * * LOW HITPOINT WARNING * * *
You feel sick.
The gnoll sergeant zombie hits you from afar with a +1 spear of venom.
* * * LOW HITPOINT WARNING * * *
Your white imp barely misses the orc warrior zombie.
Okay, then.
You bump into the translucent stone wall.
You feel less invigorated.
You feel less confused.
* * * LOW HITPOINT WARNING * * *
You feel sick.
The orc warrior zombie hits your white imp with a +3 long sword of venom!
Your white imp is poisoned.
The gnoll sergeant zombie closely misses you.
Your white imp gestures at the orc warrior zombie.
The puff of frost hits the orc warrior zombie.
The orc warrior zombie resists.
As you read the scroll labelled ZAGAOCK TIUQIG, it crumbles to dust.
It is a scroll of enchant armour.
Your +0 helmet glows green for a moment.
* * * LOW HITPOINT WARNING * * *
You feel sick.
The orc warrior zombie hits your white imp with a +3 long sword of venom!
Your white imp dies!
Your white imp disappears in a puff of smoke!
The gnoll sergeant zombie hits you but does no damage.
You are more poisoned.
As you read the scroll labelled YXKECR JOLUTA, it crumbles to dust.
You feel a surge of unholy energy.
It was a scroll of torment.
You die...

..#....#..#...........#...#......
###....#..#...........#...#......
.....###..#######....##...#......
.....#..........#..#######'......
.....#......########.○.○○##......
.....#...####.☼○○°°#°°○☼○##......
'#####...####○.☼☼☼.#°○☼☼.#..)...#
....#.......#○○#.#.○°°.$?#......#
....#.)....©#☼°§@ZZ°☼☼.)©#©.....#
....'.......#°○#§#.°°☼.$?#......#
....#.......#☼.○☼°.#°☼○☼○#......'
#'######'####.○°°○°#°°°☼°#......#
..#........#########.°°○.#####...
..#........#....#..#######...#...
..#........'....#..#....#....#...
###........######..#....###..#...
....####......###..#......#..####


You could see a gnoll sergeant zombie and an orc warrior zombie (unaware).

Vanquished Creatures
  A howler monkey (D:4)
  An orc priest (D:4)
  A hound skeleton (D:4)
  4 gnolls (D:3)
  5 adders
  An ufetubus (D:4)
  2 worms (D:4)
  7 dart slugs (D:3)
  6 orcs
  8 endoplasms
  3 giant cockroaches
  5 goblins
  2 hobgoblins
  6 jackals
  8 kobolds
  A quokka (D:2)
  10 ball pythons
  7 bats
  4 frilled lizards
  A goblin zombie (D:4)
  6 rats
89 creatures vanquished.

Notes
Turn   | Place    | Note
-------+----------+-------------------------------------------
     0 | D:1      | enile the Demonspawn Gladiator began the quest for the Orb.
     0 | D:1      | Reached XP level 1. HP: 16/16 MP: 1/1
   249 | D:1      | Found a faded altar of an unknown god.
   256 | D:1      | Gained mutation: You may rarely emit foul miasma when
                  | damaged in melee. [demonic ancestry]
   256 | D:1      | Reached XP level 2. HP: 22/22 MP: 2/2
   813 | D:1      | Prayed at the altar of an unknown god.
   813 | D:1      | Became a worshipper of Lugonu the Unformed
   813 | D:1      | Reached * piety under Lugonu
   813 | D:1      | Reached ** piety under Lugonu
   918 | D:2      | Gained mutation: You sometimes emit foul miasma when
                  | damaged in melee. [demonic ancestry]
   918 | D:2      | Reached XP level 3. HP: 23/28 MP: 3/3
  2019 | D:3      | Reached XP level 4. HP: 23/34 MP: 4/4
  2621 | D:3      | Found a shimmering blue altar of Sif Muna.
  3067 | D:3      | Reached skill level 1 in Short Blades
  3137 | D:3      | Gained mutation: You have sharp fingernails. [demonic
                  | ancestry]
  3137 | D:3      | Reached XP level 5. HP: 34/41 MP: 5/5
  3463 | D:3      | Found an ornate altar of the Wu Jian Council.
  3783 | D:4      | Reached *** piety under Lugonu
  3784 | D:4      | Reached skill level 1 in Invocations
  3993 | D:4      | Identified a scroll of acquirement
  4029 | D:4      | Found a transporter.
  4155 | D:4      | Found a shadowy altar of Dithmenos.
  4180 | D:4      | Reached skill level 1 in Armour
  4180 | D:4      | Reached skill level 1 in Stealth
  4180 | D:4      | Found a transporter.
  4297 | D:4      | Gained mutation: A weak demonic guardian rushes to your
                  | aid. [demonic ancestry]
  4297 | D:4      | Reached XP level 6. HP: 43/47 MP: 7/7
  4396 | D:4      | Acquired a manual of Axes
  4883 | D:4      | Learned a level 1 spell: Sting
  5142 | D:4      | HP: 2/47 [gnoll sergeant zombie (5)]
  5145 | D:4      | Succumbed to a gnoll sergeant zombie's poison

Illustrated notes

Levels and vault maps discovered:
D:1:      heliophobic_arrival_battle_scene, layout_rooms,
          ebering_ecumenical_altar_rust, minmay_misc_feat_encased
D:2:      layout_rooms
D:3:      kennysheep_slugbush, layout_basic, lemuel_blue_sif_altar,
          pdpol_wu_jian_five_deadly_venoms
D:4:      gammafunk_cloud_chamber, layout_gridville, kennysheep_mini,
          enter_ossuary_3, serial_bayou_pond_d, grunt_ministairs_1

Skill      XL: |  1  2  3  4  5 |
---------------+----------------+-----
Throwing       | 2 3 |  3.0
Unarmed Combat | 3 |  3.2
Dodging        | 3 |  3.3
Fighting       | 3 |  3.0
Short Blades   | 1 2 |  2.0
Invocations    | 2 |  2.0
Armour         | 1 |  1.0
Stealth        | 1 |  1.8

Action                   |  1- 3 |  4- 6 || total
-------------------------+-------+-------++-------
Melee: Unarmed           |    19 |    13 ||    32
       Short sword       |   131 |    26 ||   157
       Punch             |     3 |     6 ||     9
       Dagger            |       |   160 ||   160
Throw: Throwing net      |     1 |     3 ||     4
 Cast: Sting             |       |     1 ||     1
  Use: Scroll            |       |     9 ||     9
       Potion            |       |     7 ||     7
 Stab: Held in net/web   |       |     1 ||     1
Armor: Leather armour    |    62 |    97 ||   159
       Skin              |       |     3 ||     3
Dodge: Dodged            |   143 |   153 ||   296
Block: Other             |       |     1 ||     1

Table legend: (Time is in decaauts)
 A = Elapsed time spent in this place.
 B = Non-inter-level travel time spent in this place.
 C = Inter-level travel time spent in this place.
 D = Time resting spent in this place.
 E = Time spent auto-exploring this place.
 F = Levels seen in this place.
 G = Mean time per level.
                   A        B        C        D        E       F      G
               +--------+--------+--------+--------+--------+-----+--------+
         Total |   5167 |   4894 |    273 |    882 |   2845 |   4 | 1291.8 |
       Dungeon |   5167 |   4894 |    273 |    882 |   2845 |   4 | 1291.8 |
               +--------+--------+--------+--------+--------+-----+--------+

Top non-repeatable levels by time:
     D:3: 1523 daAuts
     D:4: 1375 daAuts
     D:2: 1242 daAuts
     D:1: 1026 daAuts
